 Dungeon Crawl Stone Soup version 0.29.1-12-g30fa7ad0bf (webtiles) character file.

Game seed: 5027373667863477157

404 hawla the Firebug (level 7, -1/51 HPs)
             Began as a Meteoran Fire Elementalist on Jan 12, 2023.
             Was an Initiate of Vehumet.
             Slain by a killer bee (2 damage)
             ... on level 8 of the Dungeon.
             The game lasted 00:05:29 (1062 turns).

hawla the Firebug (Meteoran Fire Elementalist)      Turns: 1062, Time: 00:05:29

Health: -1/51      AC:  3    Str:  6 (9)  XL:     7   Next: 34%
Magic:  4/14       EV: 12    Int: 16 (19) God:    Vehumet [......]
Gold:   89         SH:  0    Dex: 12 (15) Spells: 8/15 levels left

rFire   . . .      SeeInvis .   (no weapon)
rCold   . . .      Faith    .   (no shield)
rNeg    . . .      Spirit   .   a - +0 robe
rPois   .          Reflect  .   (no helmet)
rElec   .          Harm     .   (no cloak)
rCorr   +          Rampage  .   i - +0 pair of gloves
Will    .....                   (no boots)
Stlth   +.........              (no amulet)
HPRegen 0.17/turn               f - ring of resist corrosion
MPRegen 0.14/turn               (no ring)

@: lethally poisoned (-1 -> -18), attractive, glowing
A: sense surroundings 1, otherworldly, glowing, explore regen
a: Renounce Religion


You were on level 8 of the Dungeon.
You worshipped Vehumet.
Vehumet was noncommittal.
You visited 2 branches of the dungeon, and saw 7 of its levels.

You collected 89 gold pieces.

Inventory:

Armour
 a - a +0 robe (worn)
 i - a +0 pair of gloves (worn)
Jewellery
 f - a ring of resist corrosion (left hand)
Potions
 b - a potion of magic
 c - a potion of brilliance
 h - a potion of lignification {unknown}


   Skills:
 + Level 0.5 Fighting
 + Level 2.7 Dodging
 - Level 1.4 Stealth
 + Level 4.6 Spellcasting
 + Level 5.5 Conjurations
 + Level 5.6 Fire Magic


You had 8 spell levels left.
You knew the following spells:

 Your Spells              Type           Power      Damage    Failure   Level
a - Foxfire               Conj/Fire      84%        2x1d8     1%          1
b - Scorch                Fire           42%        2d7       2%          2
c - Flame Wave            Conj/Fire      21%        2d8       16%         4

Your spell library contained the following spells:

 Spells                   Type           Power      Damage    Failure   Level
 Conjure Flame            Conj/Fire      21%        6-21      4%          3
 Freeze                   Ice            12%        1d4       16%         1
 Inner Flame              Hex/Fire       12%        N/A       16%         3
 Frozen Ramparts          Ice            6%         1d1       43%         3
 Gell's Gravitas          Tloc           3%         N/A       43%         3
 Lesser Beckoning         Tloc           3%         N/A       43%         3
 Teleport Other           Tloc           3%         N/A       43%         3
 Hailstorm                Conj/Ice       12%        3d5       45%         4


Dungeon Overview and Level Annotations

Branches:
Dungeon (8/15) Zot: 2822   Temple (1/1) D:6 Zot: 316
   Lair: D:8-11

Altars:
Ashenzari
Cheibriados
Dithmenos
Elyvilon
Gozag
Hepliaklqana
Kikubaaqudgha
Makhleb
Nemelex Xobeh
Okawaru
Sif Muna
Uskayaw
Vehumet
Xom
Yredelemnul
Zin
The Shining One


Innate Abilities, Weirdness & Mutations

You passively map a small area around you.
You are easily found by Zot.
You glow in the dark.
You regain HP and MP as you explore.


Message History

You are poisoned.
The killer bee poisons you!
A wight comes into view.
It is wielding a +5 short sword of freezing and wearing a +2 robe of cold resistance.
A wave of flame ripples out!
The flame wave engulfs the killer bee!
The killer bee is severely wounded.
The flame wave engulfs the killer bee.
The killer bee is severely wounded.
The flame wave engulfs the killer bee!
You kill the killer bee!
Vehumet accepts your kill.
The flame wave engulfs the killer bee!
The killer bee is almost dead.
The flame wave engulfs the wight.
The wight is moderately damaged.
You finish channelling waves of flame.
You feel sick. The killer bee stings you. x3
You are more poisoned.
The killer bee poisons you!
Training target 5.5 for Conjurations reached!
You need to enable at least one skill for training.
It was a potion of attraction.
You feel attractive to monsters.
You feel very sick. The killer bee completely misses you.
The killer bee stings you but does no damage.
The killer bee stings you. The killer bee stings you!
* * * LOW HITPOINT WARNING * * *
The killer bee closely misses you. The killer bee stings you.
* * * LOW HITPOINT WARNING * * *
You are more poisoned.
The killer bee poisons you! The wight is attracted toward you. x2
It was a potion of degeneration.
There was something very wrong with that liquid.
You feel weakened.
You feel dopey.
You feel clumsy.
* * * LOW HITPOINT WARNING * * *
You feel very sick. The killer bee barely misses you.
The killer bee stings you.
* * * LOW HITPOINT WARNING * * *
The killer bee stings you.
You die...

, * , ,
....... *
* , , ,8
.....§. *
* * *
,....z§. *
,, ...z...
** , *
..zz... ,
###yz.....
,,
#.yyy.....
,*,#.@y#*
, , , ,
,#...# , ,
##### , *
, ** ,, ,
** * * ,,
* , * , ,
*


You could see 5 killer bees and 5 wights.

Vanquished Creatures
  A centaur (D:6)
  3 killer bees
  A jelly (D:7)
  A howler monkey (D:7)
  A hound (D:6)
  An orc wizard (D:7)
  2 adders (D:6)
  A white imp (D:7)
  A worm (D:2)
  A dart slug (D:2)
  3 orcs (D:7)
  5 ball pythons
  3 bats
  3 endoplasms
  A giant cockroach (D:1)
  3 goblins
  A hobgoblin (D:1)
  3 kobolds (D:2)
  A quokka (D:1)
  A frilled lizard (D:1)
  2 rats (D:2)
39 creatures vanquished.

Vanquished Creatures (others)
  70 foxfires
70 creatures vanquished.

Grand Total: 109 creatures vanquished

Notes
Turn   | Place    | Note
-------+----------+-------------------------------------------
     0 | D:1      | hawla the Meteoran Fire Elementalist began the quest for
                  | the Orb.
     0 | D:1      | Reached XP level 1. HP: 14/14 MP: 5/5
    73 | D:1      | Reached XP level 2. HP: 18/20 MP: 4/6
    76 | D:1      | Learned a level 2 spell: Scorch
   283 | D:2      | Reached XP level 3. HP: 26/26 MP: 5/8
   422 | D:3      | You fall into a shaft and drop 3 floors!
   518 | D:6      | Reached XP level 4. HP: 22/33 MP: 3/10
   556 | D:6      | Reached skill level 5 in Fire Magic
   556 | D:6      | Reached XP level 5. HP: 33/38 MP: 8/11
   561 | D:6      | Found a staircase to the Ecumenical Temple.
   575 | D:6      | Noticed a centaur
   580 | D:6      | Killed a centaur
   581 | D:6      | Reached XP level 6. HP: 38/46 MP: 3/13
   586 | D:6      | Learned a level 4 spell: Flame Wave
   588 | Temple   | Entered the Ecumenical Temple
   840 | Temple   | Became a worshipper of Vehumet
  1044 | D:7      | Reached skill level 5 in Conjurations
  1044 | D:7      | Reached XP level 7. HP: 39/51 MP: 5/14
  1062 | D:8      | HP: 1/51 [killer bee (5)]
  1062 | D:8      | Slain by a killer bee

Illustrated notes

Levels and vault maps discovered:
D:1:      tarquinn_simple_flora_water_c, layout_loops_ring
D:2:      layout_rooms, minmay_puff
D:3:      layout_rooms, dk_noncrumbling_3, uniq_robin
D:6:      nicolae_cairo_tiling_very_big, layout_loops_corners,
          minmay_temple_entry_waves
D:7:      layout_basic
D:8:      layout_basic, dpeg_oklobed_lair, enter_bailey_2,
          nicolae_elevator_lobby_asterisk
Temple:   mainiacjoe_temple_cubbyholes

Skill      XL: |  1  2  3  4  5  6 |
---------------+-------------------+-----
Spellcasting   | 3 4 |  4.6
Fire Magic     | 4 5 |  5.6
Conjurations   | 2 5 |  5.5
Fighting       | |  0.5
Dodging        | |  2.7
Stealth        | |  1.4

Action                   |  1- 3 |  4- 6 |  7- 9 || total
-------------------------+-------+-------+-------++-------
Melee: Unarmed           |    11 |     2 |       ||    13
 Cast: Foxfire           |    31 |    10 |       ||    41
       Scorch            |     3 |     8 |       ||    11
       Flame Wave        |       |     2 |     1 ||     3
  Use: Scroll            |       |     3 |       ||     3
       Potion            |       |       |     2 ||     2
Armor: Robe              |     4 |     2 |     2 ||     8
Dodge: Dodged            |    13 |    15 |     5 ||    33
